 Dungeon Crawl Stone Soup version 0.29.0-4-gdea44cf6ec (webtiles) character file.

Game seed: 12636891755764079618

30 qw the Chopper (level 3, 0/21 HPs)
             Began as a Tengu Warper on Aug 28, 2022.
             Succumbed to their own poison gas
             ... on level 1 of the Dungeon.
             The game lasted 00:00:05 (1115 turns).

qw the Chopper (Tengu Warper)                       Turns: 1115, Time: 00:00:06

Health: 0/21       AC:  3    Str: 13    XL:     3   Next: 18%
Magic:  7/7        EV: 12    Int: 13    God:
Gold:   53         SH:  0    Dex: 13    Spells: 6/6 levels left

rFire   . . .      SeeInvis .   Y - +0 hand axe
rCold   . . .      Faith    .   (no shield)
rNeg    . . .      Spirit   .   b - +0 leather armour
rPois   .          Reflect  .   (helmet restricted)
rElec   .          Harm     .   (no cloak)
rCorr   .          Rampage  .   (no gloves)
Will    .....                   (boots unavailable)
Stlth   +.........              (no amulet)
HPRegen 0.07/turn               (no ring)
MPRegen 0.10/turn               (no ring)

@: lethally poisoned (0 -> -2), weak-willed
A: beak, talons 3
a: no special abilities


You were on level 1 of the Dungeon.
You visited 1 branch of the dungeon, and saw 1 of its levels.

You collected 53 gold pieces.


Innate Abilities, Weirdness & Mutations

You have a beak for a mouth.
You have claws for feet.


   Skills:
 - Level 2.0 Fighting
 + Level 3.9 Axes
 - Level 1.0 Throwing
 - Level 1.1 Armour
 - Level 2.1 Dodging
 - Level 2.0 Spellcasting
 - Level 2.4 Translocations


You had 6 spell levels left.
You didn't know any spells.
Your spell library contained the following spells:

 Spells                   Type           Power      Damage    Failure   Level
 Blink                    Tloc           14%        N/A       19%         2
 Gell's Gravitas          Tloc           7%         N/A       36%         3
 Lesser Beckoning         Tloc           7%         N/A       36%         3
 Teleport Other           Tloc           7%         N/A       36%         3
 Manifold Assault         Tloc           7%         N/A       98%         5

Inventory:

Hand Weapons
 f - a +0 club
 Y - a +0 hand axe (weapon)
Armour
 b - a +0 leather armour (worn)
Potions
 g - a potion of attraction {unknown}
 h - a potion of invisibility {unknown}

Dungeon Overview and Level Annotations

Branches:
Dungeon (1/15)

Altars:


Message History

Magic quickly surges around you.
It was a scroll of vulnerability.
Done exploring.
1103 ||| READING scroll labelled CUCICKUL FAVAMM.
As you read the scroll labelled CUCICKUL FAVAMM, it crumbles to dust.
You assume a fearsome visage.
Nothing appears to happen.
It was a scroll of fear.
Done exploring.
1104 ||| DROPPING scroll of poison.
You drop a scroll of poison.
Done exploring.
1105 ||| DROPPING scroll of blinking.
You drop a scroll of blinking.
Done exploring.
(D) Dungeon
Where to? (* - list waypoints, ? - help)
What level of the Dungeon? (default 1, ? - help) Sorry, I don't know how to get there.
Done exploring.
1106 ||| Stepping randomly (stuck).
Really walk into that cloud of poison gas?
You are engulfed in poison gas.
You are poisoned.
You feel very sick.
1107 ||| Stepping ~*~*~tactically~*~*~ (cloud).
You feel very sick.
Things that are here:
a scroll of blinking; a scroll of poison
There is a lethal amount of poison in your body!
You feel very sick.
There is a lethal amount of poison in your body!
You feel sick.
There is a lethal amount of poison in your body!
You feel sick.
There is a lethal amount of poison in your body!
You feel sick.
There is a lethal amount of poison in your body!
You feel sick.
There is a lethal amount of poison in your body!
You feel sick.
There is a lethal amount of poison in your body!
You feel sick.
There is a lethal amount of poison in your body!
You die...

#####...#.... ##..#....
##...... ##..... ##..#.
#.... # ##.##. #
###################..##.
######
#0.00..@0.0..0..........
.....#
#0P0~~~~~0~P¤¤.P~~~~~~~~
.....#
#.0~0~~~0~~0.0.~~~~~~~~~
.....#
#¤~~00~00~~~0..~~~~~~~~~
######
#0P0~~~~~~~..0..~~~~~~~~
#######
#00...0......¤..........
......#
#0P~0~~~0~0.00..~~~~~~~~
#####.#
#0~0¤~~~~¤00...~~~~~~~~~
#.#
#.~~~~~~~~~~...~~~~~~~~~


There were no monsters in sight!

Vanquished Creatures
  A dart slug (D:1)
  A ball python (D:1)
  2 endoplasms (D:1)
  4 giant cockroaches (D:1)
  2 goblins (D:1)
  A hobgoblin (D:1)
  3 jackals (D:1)
  3 bats (D:1)
  2 frilled lizards (D:1)
  A kobold (D:1)
  5 rats (D:1)
25 creatures vanquished.

Notes
Turn   | Place    | Note
-------+----------+-------------------------------------------
     0 | D:1      | qw the Tengu Warper began the quest for the Orb.
     0 | D:1      | Reached XP level 1. HP: 12/12 MP: 4/4
     0 | D:1      | 0 ||| qw: Version: 0.1-a-89-g26bdef1
     0 | D:1      | 0 ||| qw: Game counter: 1755
     0 | D:1      | 0 ||| qw: Always use a shield: true
     0 | D:1      | 0 ||| qw: God list: Okawaru
     0 | D:1      | 0 ||| qw: Allow faded altars: false
     0 | D:1      | 0 ||| qw: Do Orc after D:15 true
     0 | D:1      | 0 ||| qw: Do second Lair branch before Depths: true
     0 | D:1      | 0 ||| qw: Lair rune preference: random
     0 | D:1      | 0 ||| qw: Plans: Normal
     0 | D:1      | 0 ||| PLANNING D:1-11
   221 | D:1      | Reached XP level 2. HP: 16/17 MP: 6/6
   240 | D:1      | Reached skill level 3 in Axes
   257 | D:1      | 257 ||| Stepping ~*~*~tactically~*~*~ (hiding).
   426 | D:1      | 426 ||| Stepping ~*~*~tactically~*~*~ (stealth).
   428 | D:1      | 428 ||| Stepping ~*~*~tactically~*~*~ (stealth).
   433 | D:1      | 433 ||| Stepping ~*~*~tactically~*~*~ (stealth).
   443 | D:1      | 443 ||| Stepping ~*~*~tactically~*~*~ (stealth).
   467 | D:1      | 467 ||| Stepping ~*~*~tactically~*~*~ (stealth).
   653 | D:1      | Found a faded altar of an unknown god.
   704 | D:1      | Reached XP level 3. HP: 21/21 MP: 7/7
   941 | D:1      | 941 ||| Stepping ~*~*~tactically~*~*~ (stealth).
   942 | D:1      | 942 ||| Stepping ~*~*~tactically~*~*~ (stealth).
  1035 | D:1      | 1035 ||| Stepping ~*~*~tactically~*~*~ (stealth).
  1036 | D:1      | 1036 ||| Stepping ~*~*~tactically~*~*~ (stealth).
  1039 | D:1      | 1039 ||| Stepping ~*~*~tactically~*~*~ (stealth).
  1101 | D:1      | 1101 ||| READING 2 scrolls labelled CATOTI GUMIEBA.
  1102 | D:1      | 1102 ||| READING scroll labelled CIKHLU HAEGY.
  1103 | D:1      | 1103 ||| READING scroll labelled CUCICKUL FAVAMM.
  1104 | D:1      | 1104 ||| DROPPING scroll of poison.
  1105 | D:1      | 1105 ||| DROPPING scroll of blinking.
  1106 | D:1      | 1106 ||| Stepping randomly (stuck).
  1107 | D:1      | 1107 ||| Stepping ~*~*~tactically~*~*~ (cloud).
  1110 | D:1      | HP: 4/21 [poisoned by you (poison gas)]
  1114 | D:1      | HP: 1/21 [poisoned by you (poison gas)]
  1115 | D:1      | Succumbed to their own poison gas

Levels and vault maps discovered:
D:1:      giann_bridges, layout_basic,
          dreamdust_ecumenical_altar_angels_and_demons

Skill      XL: |  1  2 |
---------------+-------+-----
Axes           | 3 |  3.9
Fighting       | |  2.0
Throwing       | |  1.0
Armour         | |  1.1
Dodging        | |  2.1
Spellcasting   | |  2.0
Translocations | |  2.4

Action                   || total
-------------------------++-------
Melee: Hand axe          ||    60
       Kick              ||    11
       Peck              ||     7
Throw: Boomerang         ||     7
  Use: Scroll            ||     3
Armor: Leather armour    ||    19
Dodge: Dodged            ||    34

Table legend:
 A = Non-vault XP
 B = Vault XP
 C = Vault XP percentage of total XP
 D = Non-vault monster count
 E = Vault monster count
 F = Vault count percentage of total count
                 A         B        C        D         E       F
            +---------+---------+-------+---------+---------+-------
      Total |      43 |       0 |   0.0 |      25 |       0 |   0.0
            +---------+---------+-------+---------+---------+-------
        D:1 |      43 |       0 |   0.0 |      25 |       0 |   0.0
            +---------+---------+-------+---------+---------+-------
